 Dungeon Crawl Stone Soup version 0.20.0-8-g6b59dc7 (webtiles) character file.

1274 Chiseanne the Magician (level 8, 0/52 HPs)
             Began as a Demonspawn Wizard on June 1, 2017.
             Slain by ciphuk's ghost (7 damage)
             ... on level 5 of the Dungeon.
             The game lasted 00:11:34 (6757 turns).

Chiseanne the Magician (Demonspawn Wizard)          Turns: 6757, Time: 00:11:34

Health: 0/52       AC:  4    Str:  8    XL:     8   Next: 28%
Magic:  2/18       EV: 17    Int: 22    God:
Gold:   61         SH:  0    Dex: 16    Spells: 12/21 levels left

rFire    . . .     SeeInvis .   a - +6 dagger (venom)
rCold    . . .     Gourm    .   (no shield)
rNeg     . . .     Faith    .   p - +1 robe of Honour {MR+}
rPois    .         Spirit   .   b - +1 hat
rElec    .         Reflect  .   (no cloak)
rCorr    .         Harm     .   (no gloves)
MR       +....                  (no boots)
Stlth    ++........             (no amulet)
Regen    0.2/turn               (no ring)
MPRegen  0.2/turn               (no ring)

@: confused, agile
A: hooves 2, large bone plates 1, foul stench 1, rot immunity
a: no special abilities


You were on level 5 of the Dungeon.
You were not hungry.

You visited 1 branch of the dungeon, and saw 5 of its levels.

You collected 232 gold pieces.
You spent 171 gold pieces at shops.

Inventory:

Hand Weapons
 a - a +6 dagger of venom (weapon)
 s - a +1 falchion of electrocution
 u - a +0 blowgun
Missiles
 g - 190 stones (quivered)
 h - 87 arrows
 t - 16 poisoned needles
 y - 16 sling bullets
Armour
 b - a +1 hat (worn)
 m - a +0 shield
 p - the +1 robe of Honour (worn) {MR+}
   (You bought it in a shop on level 4 of the Dungeon)

   It affects your resistance to hostile enchantments.
Magical Staves
 v - an uncursed staff of fire
Wands
 k - a wand of lightning (0/15)
Scrolls
 c - 2 scrolls of immolation
 l - 2 scrolls of fog
 q - a scroll of magic mapping
Potions
 e - 2 potions of resistance
 i - a potion of ambrosia
 j - a potion of haste {unknown}
 n - a potion of heal wounds {unknown}
 o - a potion of lignification {unknown}
 x - a potion of curing
 A - 2 potions of invisibility {unknown}
Books
 D - the Grimoire of Boosting Enchantment
   (You found it on level 4 of the Dungeon)

   Spells                             Type                      Level
   a - Corona                         Hexes                        1
   b - Song of Slaying                Charms                       2
   c - Regeneration                   Charms/Necromancy            3
   d - Confuse                        Hexes                        3
   e - Tukima's Dance                 Hexes                        3
   f - Summon Guardian Golem          Hexes/Summoning              3
Comestibles
 d - 4 bread rations
 f - 2 royal jellies
 r - a meat ration
 z - a fruit


   Skills:
 - Level 1.7 Dodging
 - Level 1.7 Stealth
 * Level 7.1 Spellcasting
 * Level 7.1 Conjurations
   Level 1.0 Summonings
 - Level 0.8 Translocations


You had 12 spell levels left.
You knew the following spells:

 Your Spells              Type           Power        Failure   Level  Hunger
a - Magic Dart            Conj           ####         1%          1    None
b - Blink                 Tloc           N/A          9%          2    None
c - Conjure Flame         Conj/Fire      ###.....     5%          3    None
d - Mephitic Cloud        Conj/Pois/Air  ###.....     9%          3    None


Dungeon Overview and Level Annotations

Branches:
Dungeon (5/15)
 Temple: D:4-7

Altars:
Okawaru
Qazlal
Sif Muna
Uskayaw

Shops:
D:4 *[[(

Annotations:
D:5 ciphuk's ghost, novice OpIE


Innate Abilities, Weirdness & Mutations

You have hoof-like feet.
You are partially covered in large bone plates. (SH +4)
You may emit foul miasma when damaged in melee.
You are immune to rotting.


Message History

The stinking cloud engulfs the centaur.
The centaur is severely wounded.
The stinking cloud engulfs you!
You are engulfed in noxious fumes.
You choke on the stench!
You are confused.
* * * LOW HITPOINT WARNING * * *
Ciphuk's ghost closely misses you.
You're too confused to move!
You are engulfed in noxious fumes.
You choke on the stench!
You are more confused.
* * * LOW HITPOINT WARNING * * *
Ciphuk's ghost hits you.
* * * LOW HITPOINT WARNING * * *
You hit ciphuk's ghost. Your kick misses ciphuk's ghost.
Ciphuk's ghost is almost destroyed.
You are engulfed in noxious fumes.
You choke on the stench!
You are more confused.
* * * LOW HITPOINT WARNING * * *
Ciphuk's ghost hits you!
You die...

........#.#...#....#
#.# #.....
#######.#.###.###.[#
#.# #.....
#....c.....(## #.#
#..... ##..#########
#.###.....
##.########
#.........
#........#
######..##
########c# #..# #W#
#..# #@# #..# #.#
#..## #.# #....
#.############.###
#.................
##################


You could see a centaur and ciphuk's ghost.

Vanquished Creatures
  Eustachio (D:4)
  Duvessa (D:4)
  A sky beast (D:5)
  A phantom (D:4)
  An ogre (D:5)
  A centaur (D:5)
  Dowan (D:4)
  2 scorpions (D:4)
  A bullfrog zombie (D:5)
  A centaur zombie (D:5)
  A hound (D:4)
  A gnoll shaman (D:4)
  3 bullfrog skeletons
  An orc wizard (D:4)
  An iguana (D:4)
  3 worker ants
  4 gnolls (D:4)
  10 adders
  An ooze (D:1)
  A dart slug (D:3)
  A leopard gecko (D:1)
  8 orcs
  3 bats
  2 giant cockroaches
  9 goblins
  10 hobgoblins
  3 jackals (D:2)
  9 kobolds
  2 ball pythons
  5 frilled lizards
  6 rats
95 creatures vanquished.

Notes
Turn   | Place    | Note
-------+----------+-------------------------------------------
     0 | D:1      | Chiseanne the Demonspawn Wizard began the quest for the Orb.
     0 | D:1      | Reached XP level 1. HP: 13/13 MP: 4/4
   270 | D:1      | Gained mutation: You are immune to rotting. [demonic ancestry]
   270 | D:1      | Reached XP level 2. HP: 14/19 MP: 0/6
  1787 | D:2      | Reached XP level 3. HP: 24/24 MP: 6/8
  2277 | D:2      | Chiseanne: To the dev-team: you ar3e digusting !
  2423 | D:2      | Found a stormy altar of Qazlal.
  2438 | D:2      | Gained mutation: You may emit foul miasma when damaged in melee. [demonic ancestry]
  2438 | D:2      | Reached XP level 4. HP: 30/30 MP: 7/9
  3379 | D:3      | Found a hide-covered altar of Uskayaw.
  3855 | D:4      | Found Ydexzor's Armour Shop.
  3868 | D:4      | Gained mutation: You have large cloven feet. [demonic ancestry]
  3868 | D:4      | Reached XP level 5. HP: 27/35 MP: 0/11
  3940 | D:4      | Found Jymour's Assorted Antiques.
  3998 | D:4      | Noticed Eustachio
  4004 | D:4      | Learned a level 3 spell: Mephitic Cloud
  4007 | D:4      | Learned a level 2 spell: Blink
  4011 | D:4      | Learned a level 3 spell: Conjure Flame
  4032 | D:4      | Killed Eustachio
  4032 | D:4      | Reached skill level 5 in Spellcasting
  4032 | D:4      | Reached XP level 6. HP: 38/41 MP: 3/13
  4192 | D:4      | Identified the Grimoire of Boosting Enchantment
  4230 | D:4      | Reached skill level 5 in Conjurations
  4240 | D:4      | Noticed Duvessa
  4241 | D:4      | Noticed Dowan
  4242 | D:4      | Found Ifeil's Weapon Shoppe.
  4265 | D:4      | Killed Duvessa
  4265 | D:4      | Gained mutation: You are partially covered in large bone plates. (SH +4) [demonic ancestry]
  4265 | D:4      | Reached XP level 7. HP: 38/46 MP: 0/15
  4269 | D:4      | Killed Dowan
  4373 | D:4      | Found Kigatoet's Antique Armour Shoppe.
  4387 | D:4      | Bought a fabulously ornate robe for 148 gold pieces
  4393 | D:4      | Identified the +1 robe of Honour {MR+} (You bought it in a shop on level 4 of the Dungeon)
  4475 | D:4      | Found a deep blue altar of Sif Muna.
  4597 | D:4      | Bought a scroll labeled QOVILOACZI for 23 gold pieces
  5082 | D:4      | Found an iron altar of Okawaru.
  5439 | D:5      | Entered Level 5 of the Dungeon
  5439 | D:5      | Noticed ciphuk's ghost (novice OpIE)
  6210 | D:5      | Gained mutation: You have hoof-like feet. [demonic ancestry]
  6210 | D:5      | Reached XP level 8. HP: 43/52 MP: 10/18
  6757 | D:5      | Slain by ciphuk's ghost

Skill      XL: |  1  2  3  4  5  6  7  8 |
---------------+-------------------------+-----
Conjurations   | 2 3 4 5 6 7 |  7.1
Spellcasting   | 4 5 6 7 |  7.1
Dodging        | |  1.7
Stealth        | |  1.7
Summonings     | |  1.0
Translocations | |  0.8

Action                   |  1- 3 |  4- 6 |  7- 9 || total
-------------------------+-------+-------+-------++-------
Melee: Unarmed           |    17 |       |       ||    17
       Club              |     7 |       |       ||     7
       Dagger            |       |    15 |    33 ||    48
       Kick              |       |     3 |     4 ||     7
 Cast: Magic Dart        |    79 |    96 |   119 ||   294
       Mephitic Cloud    |       |     3 |     2 ||     5
       Conjure Flame     |       |       |     8 ||     8
       Blink             |       |       |     3 ||     3
Evoke: Wand              |       |       |     4 ||     4
  Use: Scroll            |     3 |     6 |     8 ||    17
       Potion            |       |       |     1 ||     1
 Stab: Confused          |       |       |     1 ||     1
  Eat: Chunk             |     4 |     6 |     6 ||    16
       Fruit             |       |       |     2 ||     2
Armor: Robe              |     4 |     3 |     8 ||    15
Dodge: Dodged            |    24 |    23 |    30 ||    77
Block: Other             |       |       |    11 ||    11
